Description

my own build not good

Build Order

Get SALT Encoding   

  12  0:00  Drone  
  13  0:12  Overlord  
  13  0:17  Drone  
  14  0:31  Drone x2  
  15  0:39  Action  drone B2
  16  0:48  Hatchery  
  15  0:51  Drone x2  
  17  0:58  Drone  
  18  1:10  Extractor  oeufs
  17  1:14  Spawning Pool  
  17  1:17  Drone x2  
  18  1:29  Drone  
  21  2:00  Action  2 drone minerai B2
  21  2:01  Queen x2  
  21  2:02  Zergling x4  
  27  2:09  Action  drone B3
  27  2:12  Overlord  
  28  2:22  Hatchery  
  31  2:37  Queen  
  32  2:47  Overlord  
  32  2:48  Metabolic Boost  
  37  3:05  Queen  
  42  3:16  Queen  
  44  3:21  Overlord  
  44  3:28  Roach Warren  
  44  3:35  Action  remettre drones gaz
  45  3:37  Extractor x2  
  48  3:46  Overlord  
  50  3:55  Overlord  
  50  4:01  Overlord  
  50  4:03  Roach  
Spawning Tool Build Advisor. Get it on Overwolf

Go to:

Details

  • Created by: Azzran
  • Published on: Oct 14, 2025
  • Modified on: Oct 14, 2025
  • Patch: 5.0.11
  • Difficulty: Hard
Show
View Real Time Build Order
Export as new Build Order

Comments (0)

There are no comments. Be the first!

Create an account to comment!